AoeStats
← tamduff

Black Forest

511071090Analyzed
2v2 RM · 4h ago on Oct 3, 2026· 51m 56s· 4 players
Game mode
Random Map
Map size
Medium (4 player)
Population
200
Speed
Normal
Resources
Standard
Victory
Conquest
Starting age
Dark Age
Ending age
Imperial Age
RankedLock teamsTeams togetherTeam positionsShared explorationLock speedFull tech treeHidden civsTurbo modeCheats
Victory
Defeat
🇹🇼 Huns · Taiwan
925
+16
🇩🇪 Britons · Germany
904
+17
🇦🇷 Portuguese · Argentina
974
-19
🇦🇷 Ethiopians · Argentina
864
-14
tamduff
0:29 Loom
15:11 Feudal Age
17:33 Double-Bit Axe
19:52 Castle Age
19:30 Horse Collar
20:04 Stone Mining
21:43 Bow Saw
23:09 Fletching
23:39 Gold Mining
26:36 Bodkin Arrow
28:50 Wheelbarrow
28:46 Heavy Plow
29:52 Fortified Wall
30:02 Ballistics
29:45 Padded Archer Armor
29:35 Town Watch
33:36 Imperial Age
33:36 Leather Archer Armor
33:43 Hand Cart
33:32 Town Patrol
34:48 Conscription
34:56 Bracer
36:12 Yeomen
36:26 Ring Archer Armor
35:58 Crossbowman
39:02 Chemistry
40:21 Gold Shaft Mining
39:42 Elite Longbowman
40:41 Caravan
42:05 Two-Man Saw
41:46 Siege Engineers
41:54 Masonry
41:52 Warwolf
42:34 Guilds
42:55 Coinage
43:00 Scale Barding Armor
43:05 Forging
44:11 Architecture
43:38 Murder Holes
43:34 Guard Tower
43:30 Arrowslits
43:26 Treadmill Crane
44:39 Chain Barding Armor
47:38 Onager
48:54 Herbal Medicine
49:36 Plate Barding Armor
49:37 Iron Casting
49:25 Cavalier
50:06 Husbandry
mozo815 灰色
2:52 Loom
13:02 Feudal Age
13:38 Double-Bit Axe
13:38 Horse Collar
19:27 Castle Age
18:38 Scale Barding Armor
21:07 Bow Saw
21:21 Chain Barding Armor
21:13 Forging
20:54 Fletching
24:24 Wheelbarrow
28:32 Thumb Ring
29:14 Heavy Plow
31:37 Hand Cart
31:21 Bodkin Arrow
32:10 Ballistics
36:37 Imperial Age
34:40 Town Watch
35:04 Husbandry
36:21 Bloodlines
35:33 Light Cavalry
37:02 Masonry
37:51 Conscription
38:13 Parthian Tactics
38:52 Chemistry
37:44 Heavy Cavalry Archer
39:52 Hussar
42:04 Two-Man Saw
45:58 Elite Tarkan
49:49 Bracer
50:54 Plate Barding Armor
50:21 Padded Archer Armor
50:57 Iron Casting
52:27 Leather Archer Armor
Pirostelar
3:20 Loom
15:26 Feudal Age
21:52 Castle Age
20:24 Horse Collar
20:52 Double-Bit Axe
33:39 Elite Skirmisher
34:36 Thumb Ring
34:31 Town Watch
37:10 Heavy Plow
38:01 Fletching
38:49 Bodkin Arrow
42:33 Padded Archer Armor
44:27 Leather Archer Armor
44:18 Scale Mail Armor
49:19 Imperial Age
50:32 Conscription
Elnohita
0:32 Loom
14:25 Feudal Age
19:02 Castle Age
17:15 Double-Bit Axe
18:01 Town Watch
21:46 Bow Saw
24:36 Wheelbarrow
23:45 Horse Collar
26:06 Heavy Plow
29:31 Imperial Age
28:12 Forging
28:28 Pikeman
30:04 Scale Mail Armor
33:34 Chemistry
35:33 Hand Cart
35:19 Town Patrol
35:11 Halberdier
38:41 Arquebus
40:03 Iron Casting
39:43 Chain Mail Armor
40:18 Town Patrol
44:05 Blast Furnace
43:36 Plate Mail Armor
45:49 Elite Organ Gun
49:40 Scale Barding Armor
50:20 Bloodlines
49:31 Cavalier
50:12 Husbandry
Connection lost

Rejoining the realm…

Still unreachable

The connection could not be restored.

Session expired

The server has moved on; the page needs a fresh start.